 Dungeon Crawl Stone Soup version 0.29.1-12-g30fa7ad0bf (webtiles) character file.

Game seed: 13030496146758699253

154 safid the Shooter (level 5, -14/47 HPs)
             Began as a Minotaur Hunter on Dec 13, 2022.
             Demolished by an ogre
             ... wielding a +0 giant club
              (19 damage)
             ... on level 4 of the Dungeon.
             The game lasted 00:03:49 (2867 turns).

safid the Shooter (Minotaur Hunter)                 Turns: 2867, Time: 00:03:49

Health: -14/47     AC:  3    Str: 15    XL:     5   Next: 13%
Magic:  4/4        EV: 12    Int:  6    God:
Gold:   208        SH:  0    Dex: 16    Spells: 4/4 levels left

rFire   . . .      SeeInvis .   a - +0 shortbow
rCold   . . .      Faith    .   (shield currently unavailable)
rNeg    . . .      Spirit   .   c - +0 leather armour
rPois   +          Reflect  .   (helmet restricted)
rElec   .          Harm     .   (no cloak)
rCorr   .          Rampage  .   (no gloves)
Will    .....                   (no boots)
Stlth   +.........              (no amulet)
HPRegen 0.15/turn               j - ring of poison resistance
MPRegen 0.09/turn               (no ring)

@: no status effects
A: horns 2, retaliatory headbutt
a: no special abilities


You were on level 4 of the Dungeon.
You visited 1 branch of the dungeon, and saw 4 of its levels.

You collected 208 gold pieces.

Inventory:

Hand Weapons
 a - a +0 shortbow (weapon)
Armour
 c - a +0 leather armour (worn)
Jewellery
 j - a ring of poison resistance (left hand)
 q - a ring of willpower
Scrolls
 b - a scroll of immolation
 d - 8 scrolls of identify {unknown}
 e - a scroll of fear {unknown}
 g - a scroll of enchant armour {unknown}
 h - 2 scrolls of teleportation {unknown}
 l - a scroll of enchant weapon {unknown}
 m - a scroll of magic mapping {unknown}
 o - 2 scrolls of noise {unknown}
 p - a scroll of vulnerability {unknown}
 r - a scroll of silence {unknown}
Potions
 f - a potion of berserk rage {unknown}
 i - a potion of attraction {unknown}
 k - 2 potions of curing {unknown}
 n - a potion of ambrosia {unknown}


   Skills:
 + Level 4.9 Fighting
 + Level 5.9 Ranged Weapons
 - Level 2.1 Dodging
 - Level 0.7 Stealth


You had 4 spell levels left.
You didn't know any spells.
Your spell library contained the following spells:

 Spells                   Type           Power      Damage    Failure   Level
 Apportation              Tloc           0%         N/A       52%         1
 Necrotise                Necr           0%         1d4       52%         1
 Summon Small Mammal      Summ           0%         N/A       52%         1


Dungeon Overview and Level Annotations

Branches:
Dungeon (4/15)
 Temple: D:4-7

Altars:
Elyvilon
Nemelex Xobeh
Uskayaw

Shops:
D:2 (


Innate Abilities, Weirdness & Mutations

You have a pair of horns on your head.
You reflexively headbutt those who attack you in melee.


Message History

You shoot an arrow.
The arrow hits the iguana but does no damage.
The iguana is almost dead.
The iguana closely misses you. You furiously retaliate!
You headbutt the iguana.
You kill the iguana!
The ogre hits you with a +0 giant club.
You have reached level 5!
Fire: a) +0 shortbow
Press: ? - help, Q - select action Shift-Dir - straight line, f - ogre
Aim: an ogre, wielding a +0 giant club (77% to hit)
You shoot an arrow. The arrow completely misses the ogre.
Unknown command.
Fire: a) +0 shortbow
Press: ? - help, Q - select action Shift-Dir - straight line, f/p - ogre
Aim: an ogre, wielding a +0 giant club (77% to hit)
You shoot an arrow. The arrow hits the ogre!
The ogre is moderately wounded.
The ogre hits you with a +0 giant club!!
Ouch! That really hurt!
* * * LOW HITPOINT WARNING * * *
Fire: a) +0 shortbow
Press: ? - help, Q - select action Shift-Dir - straight line, f/p - ogre
Aim: an ogre, wielding a +0 giant club (moderately wounded, 77% to hit)
You shoot an arrow. The arrow hits the ogre.
The ogre is heavily wounded.
The ogre barely misses you.
Fire: a) +0 shortbow
Press: ? - help, Q - select action Shift-Dir - straight line, f/p - ogre
Aim: an ogre, wielding a +0 giant club (heavily wounded, 77% to hit)
You shoot an arrow. The arrow barely misses the ogre.
The ogre misses you.
Unknown command.
Fire: a) +0 shortbow
Press: ? - help, Q - select action Shift-Dir - straight line, f/p - ogre
Aim: an ogre, wielding a +0 giant club (heavily wounded, 77% to hit)
You shoot an arrow. The arrow hits the ogre.
The ogre is heavily wounded.
The ogre hits you with a +0 giant club!!
You die...

....# #...# #...# #...#
#...# #...#
############...#
#..............#
#.##########.#@#
#.####### #...O....#
###..............#....#
...............?....#.#
###################.#
.. ...........# #...#.#
.#########.# #.#.# # .#
#.# #.#.# .# #.# #.#.#


You could see an ogre.

Vanquished Creatures
  An orc priest (D:3)
  An iguana (D:4)
  3 adders
  A worm (D:3)
  4 dart slugs
  3 orcs (D:3)
  3 bats
  6 endoplasms
  2 giant cockroaches
  6 goblins
  5 hobgoblins
  8 quokkas
  3 ball pythons (D:3)
  3 frilled lizards
  3 kobolds
  4 rats
56 creatures vanquished.

Notes
Turn   | Place    | Note
-------+----------+-------------------------------------------
     0 | D:1      | safid the Minotaur Hunter began the quest for the Orb.
     0 | D:1      | Reached XP level 1. HP: 18/18 MP: 0/0
   123 | D:1      | Reached XP level 2. HP: 25/25 MP: 1/1
   725 | D:1      | Found a faded altar of an unknown god.
   974 | D:2      | Reached skill level 5 in Ranged Weapons
   974 | D:2      | Reached XP level 3. HP: 21/31 MP: 2/2
  1146 | D:2      | Found Appyrroja's Antique Weapon Shoppe.
  1249 | D:2      | Found a white marble altar of Elyvilon.
  1357 | D:2      | Identified the +5 long sword "Byheroat" {elec, Str+2}
  1952 | D:3      | HP: 1/33 [orc/+0 flail (6)]
  1955 | D:3      | Reached XP level 4. HP: 1/40 MP: 3/3
  2269 | D:3      | Identified the +2 trident of Xom's Benevolence {spect,
                  | Drain rF- Str+5 Dex+2}
  2566 | D:3      | Found a hide-covered altar of Uskayaw.
  2724 | D:3      | Found a sparkling altar of Nemelex Xobeh.
  2858 | D:4      | Noticed an ogre
  2863 | D:4      | Reached XP level 5. HP: 29/47 MP: 4/4
  2867 | D:4      | Demolished by an ogre

Illustrated notes

Levels and vault maps discovered:
D:1:      eino_arrival_cavern_e, layout_basic, shapermc_ecumenical_altar_petra,
          minmay_misc_feat_more_columns
D:2:      layout_basic, basic_altar, serial_shops, shop
D:3:      layout_loops_ring, nicolae_uskayaw_dance_hall,
          nemelex_diamond_rough_becter
D:4:      layout_basic

Skill      XL: |  1  2  3 |
---------------+----------+-----
Fighting       | 3 4 |  4.9
Ranged Weapons | 5 |  5.9
Dodging        | |  2.1
Stealth        | |  0.7

Action                   |  1- 3 |  4- 6 || total
-------------------------+-------+-------++-------
 Fire: Shortbow          |    94 |    64 ||   158
Armor: Leather armour    |     2 |     6 ||     8
Dodge: Dodged            |    11 |    25 ||    36
